 Dungeon Crawl Stone Soup version 0.27-a0-1334-g2746e35aca (webtiles) character file.

Game seed: 17347012343300842516

244 miket3c the Covered (level 5, -2/38 (48) HPs)
             Began as a Minotaur Fighter on Dec 23, 2020.
             Slain by Blork the orc (4 damage)
             ... on level 4 of the Dungeon on June 26, 2021.
             The game lasted 00:08:58 (4194 turns).

miket3c the Covered (Minotaur Fighter)              Turns: 4194, Time: 00:08:59

HP:   -2/38 (48)    AC:  7    Str: 20    XL:     5   Next: 83%
MP:   4/4           EV:  8    Int:  5    God:
Gold: 176           SH: 10    Dex: 11    Spells: 4/4 levels left

rFire    . . .     SeeInvis .   a - +0 war axe
rCold    . . .     Faith    .   c - +0 kite shield
rNeg     . . .     Spirit   .   b - +0 scale mail
rPois    .         Reflect  .   (helmet restricted)
rElec    .         Harm     .   (no cloak)
rCorr    .         Rampage  .   (no gloves)
Will     .....                  q - -1 pair of boots
Stlth    ..........             (no amulet)
HPRegen  0.12/turn              (no ring)
MPRegen  0.09/turn              (no ring)

@: mighty, heavily drained
A: horns 2, retaliatory headbutt
a: no special abilities


You were on level 4 of the Dungeon.
You visited 1 branch of the dungeon, and saw 4 of its levels.

You collected 176 gold pieces.

Inventory:

Hand Weapons
 a - a +0 war axe (weapon)
 h - a +0 short sword
 y - a +0 flail
Missiles
 p - 7 boomerangs (quivered)
Armour
 b - a +0 scale mail (worn)
 c - a +0 kite shield (worn)
 q - a -1 pair of boots (worn)
Jewellery
 o - a ring of stealth
 t - an amulet of regeneration
 u - a ring of fire
 x - a +6 ring of dexterity
Wands
 w - a wand of acid (10)
Scrolls
 e - a scroll of removedness
 f - 3 scrolls of teleportation
Potions
 g - a potion of attraction
 i - a potion of invisibility {unknown}
 j - a potion of berserk rage {unknown}
 k - a potion of curing {unknown}
 l - a potion of lignification {unknown}
 n - 3 potions of heal wounds
 v - a potion of flight {unknown}


   Skills:
 + Level 5.0 Fighting
 - Level 2.7(3.0) Axes
 * Level 1.6(2.4) Maces & Flails
 + Level 5.2 Armour
 + Level 1.8 Dodging
 * Level 5.1 Shields


You had 4 spell levels left.
You didn't know any spells.
Your spell library was empty.

Dungeon Overview and Level Annotations

Branches:
Dungeon (4/15)
 Temple: D:4-7

Altars:
Wu Jian

Annotations:
D:4 Blork the orc


Innate Abilities, Weirdness & Mutations

You have a pair of horns on your head.
You reflexively headbutt those who attack you in melee.


Message History

Blork the orc is lightly wounded.
Blork the orc screams, "I'll decorate my home with your organs!"
Blork the orc gestures at you while chanting.
The puff of frost hits you. Blork the orc barely misses you.
You furiously retaliate!
You headbutt Blork the orc.
A giant cockroach comes into view.
Blork the orc hits you with a +0 flail of draining.
You feel drained.
You closely miss Blork the orc. Your headbutt misses Blork the orc.
Blork the orc is moderately wounded.
Blork the orc hits you with a +0 flail of draining.
You feel drained. You block Blork the orc's attack.
You barely miss Blork the orc.
Blork the orc is moderately wounded.
You block Blork the orc's attack. x2
You hit Blork the orc. Your headbutt misses Blork the orc.
Blork the orc is moderately wounded.
Blork the orc hits you but does no damage.
You feel drained. You block Blork the orc's attack.
Blork the orc closely misses you.
A dart slug comes into view.
Blork the orc screams, "I'm much stronger than you!"
Blork the orc hits you with a +0 flail of draining!
You feel drained.
You feel very mighty all of a sudden. You block Blork the orc's attack.
You barely miss Blork the orc.
Blork the orc is moderately wounded.
Blork the orc hits you with a +0 flail of draining.
You feel drained.
Blork the orc points at you and mumbles some strange words.
The puff of frost hits you!
* * * LOW HITPOINT WARNING * * *
You block Blork the orc's attack.
You completely miss Blork the orc.
Blork the orc is moderately wounded.
Blork the orc hits you with a +0 flail of draining!
* * * LOW HITPOINT WARNING * * *
You feel drained.
You die...

. .. ... ....
.....####
w.....†B# #g#
#o#### #.@..#
#.##.# #
####.## #.#
..#..#### ..
#.#.....#
#.##.#.#..##.#
#.).......##.#
#..#.##.#....#
#.######


You could see Blork the orc (fast), a giant cockroach and a hobgoblin.

Vanquished Creatures
  A hound (D:4)
  An iguana (D:3)
  An orc wizard (D:3)
  7 endoplasms
  3 adders
  4 gnolls (D:3)
  4 worms
  A dart slug (D:2)
  3 orcs (D:3)
  5 ball pythons
  4 bats
  A ghost (D:1)
  A giant cockroach (D:4)
  8 goblins
  6 hobgoblins
  4 jackals (D:1)
  A quokka (D:2)
  A frilled lizard (D:1)
  6 kobolds
  6 rats
68 creatures vanquished.

Notes
Turn   | Place    | Note
-------+----------+-------------------------------------------
     0 | D:1      | miket3c the Minotaur Fighter began the quest for the Orb.
     0 | D:1      | Reached XP level 1. HP: 19/19 MP: 0/0
     3 | D:1      | Upgraded the game from 0.26-a0-1147-g3780a7a11b to
                  | 0.27-a0-1202-ge72e49191c
    47 | D:1      | Reached XP level 2. HP: 21/27 MP: 1/1
   465 | D:1      | Reached XP level 3. HP: 27/33 MP: 2/2
   524 | D:1      | Upgraded the game from 0.27-a0-1202-ge72e49191c to
                  | 0.27-a0-1334-g2746e35aca
  1954 | D:2      | Reached XP level 4. HP: 37/40 MP: 3/3
  2192 | D:2      | Found a faded altar of an unknown god.
  2548 | D:3      | Reached skill level 1 in Maces & Flails
  3061 | D:3      | Reached XP level 5. HP: 37/47 MP: 4/4
  3204 | D:3      | Reached skill level 5 in Armour
  3229 | D:3      | Found an ornate altar of the Wu Jian Council.
  3628 | D:4      | Noticed an ogre
  3833 | D:4      | Noticed a phantom
  3843 | D:3      | Reached skill level 5 in Fighting
  3843 | D:3      | Reached skill level 5 in Shields
  4072 | D:4      | Reached skill level 1 in Dodging
  4181 | D:4      | Noticed Blork the orc
  4194 | D:4      | HP: 2/40 [Blork the orc (10)]
  4194 | D:4      | Slain by Blork the orc

Illustrated notes

Levels and vault maps discovered:
D:1:      minmay_arrival_checkered_box, layout_basic
D:2:      layout_basic, basic_ecumenical_altar
D:3:      layout_basic, nzn_wu_jian_contemplation
D:4:      layout_basic, old_standard_altar, uniq_blork_the_orc

Skill      XL: |  1  2  3  4  5 |
---------------+----------------+-----
Fighting       | 4 5 |  5.0
Armour         | 4 5 |  5.2
Shields        | 4 5 |  5.1
Maces & Flails | 1 |  1.6
Dodging        | 1 |  1.8
Axes           | |  2.7

Action                   |  1- 3 |  4- 6 || total
-------------------------+-------+-------++-------
Melee: War axe           |    74 |    88 ||   162
       Headbutt          |    11 |    12 ||    23
Throw: Boomerang         |       |     3 ||     3
  Use: Scroll            |       |     5 ||     5
       Potion            |       |     1 ||     1
Armor: Scale mail        |    40 |    36 ||    76
Dodge: Dodged            |    24 |    28 ||    52
Block: Kite shield       |    51 |    51 ||   102

Table legend: (Time is in decaauts)
 A = Elapsed time spent in this place.
 B = Non-inter-level travel time spent in this place.
 C = Inter-level travel time spent in this place.
 D = Time resting spent in this place.
 E = Time spent auto-exploring this place.
 F = Levels seen in this place.
 G = Mean time per level.
                   A        B        C        D        E       F      G
               +--------+--------+--------+--------+--------+-----+--------+
         Total |   4289 |   4086 |    203 |   1348 |   2249 |   4 | 1072.2 |
       Dungeon |   4289 |   4086 |    203 |   1348 |   2249 |   4 | 1072.2 |
               +--------+--------+--------+--------+--------+-----+--------+

Top non-repeatable levels by time:
     D:3: 1494 daAuts
     D:2: 1325 daAuts
     D:1: 1268 daAuts
     D:4: 200 daAuts
